 Dungeon Crawl Stone Soup version 0.26-a0-495-g20a46bd (webtiles) character file.

Game seed: 15677804197164427890

539 packetloss the Chopper (level 7, -7/60 HPs)
             Began as a Hill Orc Fighter on Aug 5, 2020.
             Was an Initiate of Gozag.
             Killed by divine providence
             ... invoked by an orc priest
              (13 damage)
             ... on level 4 of the Dungeon.
             The game lasted 00:11:05 (4240 turns).

packetloss the Chopper (Hill Orc Fighter)           Turns: 4240, Time: 00:11:06

Health: -7/60      AC:  3    Str: 21    XL:     7   Next: 26%
Magic:  7/7        EV:  8    Int:  8    God:    Gozag
Gold:   141        SH:  9    Dex: 10    Spells: 6/6 levels left

rFire    . . .     SeeInvis .   a - +1 war axe
rCold    + . .     Faith    .   c - +0 kite shield
rNeg     . . .     Spirit   .   b - +0 scale mail
rPois    .         Reflect  .   (no helmet)
rElec    .         Harm     .   (no cloak)
rCorr    .                      (no gloves)
MR       .....                  (no boots)
Stlth    ..........             (no amulet)
HPRegen  0.20/turn              i - ring of protection from cold
MPRegen  0.10/turn              (no ring)

@: corroded, gold aura
A: no striking features
a: Potion Petition, Call Merchant, Bribe Branch, Renounce Religion, Convert to
Beogh


You were on level 4 of the Dungeon.
You worshipped Gozag.
Gozag was aware of your devotion.
You visited 2 branches of the dungeon, and saw 5 of its levels.
You also visited: Sewer.

You collected 221 gold pieces.
You paid 80 gold pieces to Gozag.

Inventory:

Hand Weapons
 a - a +1 war axe (weapon)
 p - a +2 vorpal mace
Missiles
 e - 8 poisoned darts (quivered)
 h - 64 arrows
 m - 74 sling bullets
 q - 39 bolts
 t - 97 stones
Armour
 b - a +0 scale mail (worn)
 c - a +0 kite shield (worn)
Jewellery
 i - a ring of protection from cold (left hand)
 z - an uncursed ring of flight {unknown}
Scrolls
 k - 3 scrolls of magic mapping
 l - 11 scrolls of identify {unknown}
 u - a scroll of fear {unknown}
 v - a scroll of amnesia {unknown}
 w - a scroll of enchant weapon
 x - 2 scrolls of noise {unknown}
 y - a scroll of teleportation {unknown}
 A - a scroll of immolation {unknown}
Potions
 d - a potion of might
 f - 2 potions of heal wounds {unknown}
 g - a potion of curing {unknown}
 j - a potion of degeneration {unknown}
 n - 2 potions of brilliance {unknown}
 o - a potion of magic {unknown}
 r - 2 potions of flight {unknown}
 s - a potion of invisibility {unknown}


   Skills:
 + Level 4.7 Fighting
 + Level 7.8 Axes
 + Level 4.3 Armour
 + Level 1.4 Dodging
 + Level 4.2 Shields


You had 6 spell levels left.
You didn't know any spells.
Your spell library was empty.

Dungeon Overview and Level Annotations

Branches:
Dungeon (4/15)             Temple (1/1) D:4           Sewer (visited)

Altars:
Ashenzari
Cheibriados
Dithmenos
Fedhas
Gozag
Hepliaklqana
Kikubaaqudgha
Okawaru
Qazlal
Ru
Sif Muna
Uskayaw
Vehumet
Wu Jian
Xom
The Shining One

Annotations:
D:4 2 transporters, a3don's ghost, amateur GrEE


Message History

The orc priest is moderately wounded.
You miss something. You slash the orc!
You kill the orc!
The orc priest hits you with a +0 dagger.
* * * LOW HITPOINT WARNING * * *
Something hits you but does no damage. You block the orc's attack.
Spoiler Alert: The orc priest can smite you!
You take 3 damage, and have 6/60 hp.
Unknown command.
Unknown command.
You closely miss the orc priest.
The orc priest shouts, "Beogh is our master!
Accept the truth or die!"
The orc priest is moderately wounded.
You slash the orc!
You kill the orc!
You miss something.
The orc priest mumbles some strange prayers to Beogh against you.
Beogh smites you!
You die...
Your body crumbles into a pile of gold.

#.≈≈≈≈≈≈...≈≈≈≈≈≈....
###.≈≈≈≈≈≈≈≈≈≈≈≈≈≈≈..#.
#...(≈≈≈≈≈≈≈≈≈≈≈≈≈.....
##.....≈≈≈≈≈≈≈≈≈.......
##..?....≈≈≈≈≈.........
#......................
##.###$########........
.o. #$# ####...# .... #@#
#...#
........${o....#######...#
..........................
..........................
...........<............
...........#.#####.#...#
.....#.##.##.# #.#...#
....... .# # #.#...#
#.#...#


You could see an orc priest.

Vanquished Creatures
  An ice beast (D:4)
  2 big kobolds (Sewer)
  An orc priest (D:4)
  2 worker ants (D:4)
  4 gnolls (D:3)
  A river rat (Sewer)
  8 adders
  A shadow imp (D:3)
  3 oozes (Sewer)
  3 worms
  A dart slug (D:1)
  5 orcs (D:4)
  5 ball pythons
  2 giant cockroaches
  14 goblins
  4 hobgoblins
  8 jackals
  A quokka (D:3)
  3 bats
  5 frilled lizards
  10 kobolds
  12 rats
96 creatures vanquished.

Notes
Turn   | Place    | Note
-------+----------+-------------------------------------------
     0 | D:1      | packetloss the Hill Orc Fighter began the quest for the
                  | Orb.
     0 | D:1      | Reached XP level 1. HP: 19/19 MP: 1/1
   225 | D:2      | Reached XP level 2. HP: 25/27 MP: 2/2
   254 | D:1      | Reached skill level 3 in Axes
   824 | D:2      | Reached skill level 4 in Fighting
   867 | D:2      | Reached XP level 3. HP: 29/33 MP: 3/3
  1015 | D:2      | Found a stormy altar of Qazlal.
  1082 | D:2      | Found a sacrificial altar of Ru.
  1601 | D:3      | Reached skill level 4 in Axes
  1642 | D:3      | Found a glowing drain.
  1646 | D:3      | Reached XP level 4. HP: 38/40 MP: 4/4
  1661 | Sewer    | Entered a sewer
  1758 | Sewer    | Reached skill level 5 in Axes
  2222 | Sewer    | Noticed a big kobold
  2239 | Sewer    | Reached XP level 5. HP: 43/46 MP: 5/5
  2245 | Sewer    | Killed a big kobold
  2245 | Sewer    | Reached skill level 6 in Axes
  2306 | Sewer    | Reached skill level 7 in Axes
  2565 | Sewer    | Noticed a big kobold
  2586 | Sewer    | Killed a big kobold
  2586 | Sewer    | Reached XP level 6. HP: 43/52 MP: 6/6
  3181 | D:3      | Reached skill level 4 in Armour
  3618 | D:4      | Reached skill level 1 in Dodging
  3618 | D:4      | Reached skill level 4 in Shields
  3692 | D:4      | Found a transporter.
  3703 | D:4      | Noticed a3don's ghost (amateur GrEE)
  3706 | D:4      | Found a transporter.
  3712 | D:4      | Noticed an ice beast
  3738 | D:4      | Killed an ice beast
  3738 | D:4      | Reached XP level 7. HP: 31/60 MP: 7/7
  3930 | D:4      | Found a staircase to the Ecumenical Temple.
  3951 | Temple   | Entered the Ecumenical Temple
  4143 | Temple   | Became a worshipper of Gozag Ym Sagoz the Greedy
  4238 | D:4      | HP: 12/60 [something (5)]
  4240 | D:4      | Killed from afar by an orc priest

Illustrated notes

Levels and vault maps discovered:
D:1:      minmay_arrival_open_corners, layout_loops_ring
D:2:      minmay_inner_zag, layout_loops_corners, nicolae_ru_awakened_eye,
          nicolae_overflow_crystal_walls, wad_floor_pattern_2
D:3:      layout_loops_ring, portal_sewer_entry_d
D:4:      layout_loops_cross, marbit_many_paths, temple_pool_b,
          gammafunk_ghost_arena, uniq_crazy_yiuf_cottage
Temple:   dpeg_chambers_temple

Skill      XL: |  1  2  3  4  5  6 |
---------------+-------------------+-----
Axes           | 3 4 5 7 |  7.8
Fighting       | 4 |  4.7
Armour         | 4 |  4.3
Dodging        | 1 |  1.4
Shields        | 4 |  4.2

Action                   |  1- 3 |  4- 6 |  7- 9 || total
-------------------------+-------+-------+-------++-------
Melee: War axe           |   109 |   202 |    16 ||   327
Throw: Dart              |       |    13 |       ||    13
  Use: Scroll            |     3 |       |       ||     3
Armor: Scale mail        |    51 |    64 |     6 ||   121
Dodge: Dodged            |    34 |    46 |     2 ||    82
Block: Kite shield       |    42 |    98 |     4 ||   144

Table legend: (Time is in decaauts)
 A = Elapsed time spent in this place.
 B = Non-inter-level travel time spent in this place.
 C = Inter-level travel time spent in this place.
 D = Time resting spent in this place.
 E = Time spent auto-exploring this place.
 F = Levels seen in this place.
 G = Mean time per level.
                   A        B        C        D        E       F      G
               +--------+--------+--------+--------+--------+-----+--------+
         Total |   4513 |   4318 |    195 |    861 |   2114 |   6 |  752.2 |
       Dungeon |   3026 |   2851 |    175 |    492 |   1596 |   4 |  756.5 |
        Temple |    213 |    193 |     20 |      0 |    189 |   1 |  213.0 |
         Sewer |   1273 |   1273 |      0 |    369 |    328 |   1 | 1273.0 |
               +--------+--------+--------+--------+--------+-----+--------+

Top non-repeatable levels by time:
   Sewer: 1273 daAuts
     D:3: 947 daAuts
     D:2: 855 daAuts
     D:1: 761 daAuts
     D:4: 461 daAuts
  Temple: 213 daAuts
